 Dungeon Crawl Stone Soup version 0.21-a0-348-ga060c75 (webtiles) character file.

101 Gremour the Skirmisher (level 4, 41/41 HPs)
             Began as a Gnoll Monk on Oct 6, 2017.
             Got out of the dungeon alive.
             The game lasted 00:07:41 (1714 turns).

Gremour the Skirmisher (Gnoll Monk)                 Turns: 1714, Time: 00:07:42

Health: 41/41      AC:  0    Str: 14    XL:     4   Next: 75%
Magic:  5/5        EV: 12    Int: 12    God:
Gold:   89         SH: 13    Dex: 18    Spells: 5/5 levels left

rFire    + . .     SeeInvis .   a - +0 falchion
rCold    + . .     Gourm    .   q - +2 large shield
rNeg     . . .     Faith    .   (no armour)
rPois    .         Spirit   .   (no helmet)
rElec    .         Reflect  .   u - scarf {rC+ rF+}
rCorr    +         Harm     .   (no gloves)
MR       .....                  (no boots)
Stlth    +++.......             (no amulet)
HPRegen  0.13/turn              j - ring of flight
MPRegen  0.09/turn              w - ring of resist corrosion

@: no status effects
A: distributed training, fangs 1, strong nose
a: Evoke Flight


You escaped.
You were not hungry.

You visited 1 branch of the dungeon, and saw 2 of its levels.

You collected 89 gold pieces.

Inventory:

Hand Weapons
 a - a +0 falchion (weapon)
Armour
 b - a +0 robe
 f - a +0 cloak
 q - a +2 large shield (worn)
 u - a scarf of resistance (worn)
 v - a +0 plate armour
Jewellery
 j - a ring of flight (left hand)
 w - a ring of resist corrosion (right hand)
Scrolls
 g - 6 scrolls of identify {unknown}
 i - a scroll of teleportation {unknown}
 k - a scroll of noise {unknown}
 m - a scroll of amnesia {unknown}
 n - a scroll of enchant weapon {unknown}
 r - a scroll of fog {unknown}
Potions
 e - a potion of magic {unknown}
 l - 2 potions of flight {unknown}
 o - 2 potions of might {unknown}
 p - a potion of brilliance {unknown}
 s - a potion of resistance {unknown}
Comestibles
 c - 3 bread rations
 d - 2 meat rations
 h - 3 fruits
 t - a royal jelly


   Skills:
 + Level 6.6 Fighting
 + Level 1.2 Short Blades
 + Level 6.6 Long Blades
 + Level 1.2 Axes
 + Level 1.2 Maces & Flails
 + Level 1.2 Polearms
 + Level 1.2 Staves
 + Level 1.2 Slings
 + Level 1.2 Bows
 + Level 1.2 Crossbows
 + Level 1.2 Throwing
 + Level 1.2 Armour
 + Level 6.6 Dodging
 + Level 4.3 Stealth
 + Level 1.2 Shields
 + Level 1.2 Unarmed Combat
 + Level 1.2 Spellcasting
 + Level 1.2 Conjurations
 + Level 1.2 Hexes
 + Level 1.2 Charms
 + Level 1.2 Summonings
 + Level 1.2 Necromancy
 + Level 1.2 Translocations
 + Level 1.2 Transmutations
 + Level 1.2 Fire Magic
 + Level 1.2 Ice Magic
 + Level 1.2 Air Magic
 + Level 1.2 Earth Magic
 + Level 1.2 Poison Magic
 + Level 1.2 Invocations
 + Level 1.2 Evocations


You had 5 spell levels left.
You didn't know any spells.

Dungeon Overview and Level Annotations

Branches:
Dungeon (2/15)

Altars:


Innate Abilities, Weirdness & Mutations

Your experience applies equally to all skills.
You have very sharp teeth.
Your uncanny sense of smell can sniff out nearby items.


Message History

Wear which item? (? for menu, Esc to quit)
Okay, then.
Wear which item? (? for menu, Esc to quit)
Okay, then.
Quiver which item? (- for none, * to show all) (? for menu, Esc to quit)
Okay, then.
There is a stone staircase leading up here.
You climb upwards.
There is a stone staircase leading down here.
There is a stone staircase leading down here.
You see here 20 bolts.
You see here a club.
There is a shaft here.
You enter the shallow water.
Moving in this stuff is going to be slow.
There is a staircase leading out of the dungeon here.
Are you sure you want to leave the Dungeon?
This will make you lose the game!
Alright, then stay!
Are you sure you want to leave the Dungeon?
This will make you lose the game!
You have escaped!

#####.#.##..#...#...... ##.# #.#
#.#.##.#.....≈≈...###..####.#
#.#.##.....≈≈≈≈.##.##........ #
#.#.###..≈≈≈≈≈..#.###.####### ###
#.#.# ##≈.≈≈≈≈.....##.# >.# #...#
##≈≈≈≈≈≈≈≈..# #†# #.# ###.#
#..≈≈≈≈≈≈≈≈.# #.#
#.####..###≈≈.≈...≈≈≈.###.#
#.(.......#≈≈≈.≈@≈.≈≈≈..#.#
######....#.≈≈≈≈..≈...#.#.#
#######...#.≈≈≈≈.≈≈≈..# #.# #
......).###..≈≈≈≈≈≈...# #.# #
#####...##...≈≈≈≈≈≈....##.# #
......####.≈.≈≈≈≈≈≈....≈#.#######
#####.# #.≈...≈.≈..≈≈.##...)....
......# ##...#.≈...≈≈≈.##########
#####.# #...##.#...≈ #


There were no monsters in sight!

Vanquished Creatures
  5 adders (D:2)
  A worm (D:2)
  A dart slug (D:2)
  A leopard gecko (D:1)
  A ball python (D:1)
  3 giant cockroaches
  10 goblins
  2 hobgoblins
  4 jackals (D:1)
  A quokka (D:2)
  4 bats
  3 frilled lizards
  7 kobolds
  7 rats
50 creatures vanquished.

Notes
Turn   | Place    | Note
-------+----------+-------------------------------------------
     0 | D:1      | Gremour the Gnoll Monk began the quest for the Orb.
     0 | D:1      | Reached XP level 1. HP: 23/23 MP: 1/1
   157 | D:1      | Reached XP level 2. HP: 24/29 MP: 2/2
   534 | D:1      | Reached XP level 3. HP: 33/35 MP: 3/3
   958 | D:2      | Reached skill level 1 in Short Blades
   958 | D:2      | Reached skill level 1 in Axes
   958 | D:2      | Reached skill level 1 in Maces & Flails
   958 | D:2      | Reached skill level 1 in Polearms
   958 | D:2      | Reached skill level 1 in Staves
   958 | D:2      | Reached skill level 1 in Slings
   958 | D:2      | Reached skill level 1 in Bows
   958 | D:2      | Reached skill level 1 in Crossbows
   958 | D:2      | Reached skill level 1 in Throwing
   958 | D:2      | Reached skill level 1 in Armour
   958 | D:2      | Reached skill level 1 in Shields
   958 | D:2      | Reached skill level 1 in Unarmed Combat
   958 | D:2      | Reached skill level 1 in Spellcasting
   958 | D:2      | Reached skill level 1 in Conjurations
   958 | D:2      | Reached skill level 1 in Hexes
   958 | D:2      | Reached skill level 1 in Charms
   958 | D:2      | Reached skill level 1 in Summonings
   958 | D:2      | Reached skill level 1 in Necromancy
   958 | D:2      | Reached skill level 1 in Translocations
   958 | D:2      | Reached skill level 1 in Transmutations
   958 | D:2      | Reached skill level 1 in Fire Magic
   958 | D:2      | Reached skill level 1 in Ice Magic
   958 | D:2      | Reached skill level 1 in Air Magic
   958 | D:2      | Reached skill level 1 in Earth Magic
   958 | D:2      | Reached skill level 1 in Poison Magic
   958 | D:2      | Reached skill level 1 in Invocations
   958 | D:2      | Reached skill level 1 in Evocations
  1087 | D:2      | Reached XP level 4. HP: 36/41 MP: 5/5
  1714 | D:$      | Got out of the dungeon alive.

Vault maps used:
D:1:      dpeg_arrival_subterranean_lakeside_camping, minmay_crystal_room,
          minivault_5
D:2:      first_bread, minmay_misc_feat_diagonals

Skill      XL: |  1  2  3 |
---------------+----------+-----
Short Blades   | 1 |  1.2
Axes           | 1 |  1.2
Maces & Flails | 1 |  1.2
Polearms       | 1 |  1.2
Staves         | 1 |  1.2
Slings         | 1 |  1.2
Bows           | 1 |  1.2
Crossbows      | 1 |  1.2
Throwing       | 1 |  1.2
Armour         | 1 |  1.2
Shields        | 1 |  1.2
Unarmed Combat | 1 |  1.2
Spellcasting   | 1 |  1.2
Conjurations   | 1 |  1.2
Hexes          | 1 |  1.2
Charms         | 1 |  1.2
Summonings     | 1 |  1.2
Necromancy     | 1 |  1.2
Translocations | 1 |  1.2
Transmutations | 1 |  1.2
Fire Magic     | 1 |  1.2
Ice Magic      | 1 |  1.2
Air Magic      | 1 |  1.2
Earth Magic    | 1 |  1.2
Poison Magic   | 1 |  1.2
Invocations    | 1 |  1.2
Evocations     | 1 |  1.2
Fighting       | |  6.6
Long Blades    | |  6.6
Dodging        | |  6.6
Stealth        | |  4.3

Action                   |  1- 3 |  4- 6 || total
-------------------------+-------+-------++-------
Melee: Falchion          |    87 |    61 ||   148
       Bite              |     8 |     8 ||    16
 Stab: Sleeping          |     6 |       ||     6
  Eat: Chunk             |     1 |     2 ||     3
Armor: Robe              |    11 |     7 ||    18
Dodge: Dodged            |    92 |    39 ||   131
Block: Large shield      |       |     6 ||     6
       Rpst.: Falchion   |    24 |     9 ||    33

Table legend:
 A = Spawn XP
 B = Non-spawn XP
 C = Spawn XP percentage of total XP
 D = Spawn monster count
 E = Non-spawn monster count
 F = Spawn count percentage of total count
 G = Total turns spent on level
                    A         B        C        D         E        F      G
               +---------+---------+-------+---------+---------+-------+---------
         Total |       0 |     145 |   0.0 |       0 |      50 |   0.0 |  1714
               +---------+---------+-------+---------+---------+-------+---------
           D:1 |       0 |      39 |   0.0 |       0 |      24 |   0.0 |   947
           D:2 |       0 |     106 |   0.0 |       0 |      26 |   0.0 |   767
               +---------+---------+-------+---------+---------+-------+---------
